 Dungeon Sprint DCSS version 0.27-a0-277-g024f7ef292 (webtiles) character file.

Game seed: 9846550817604970499

32677 mhtbhm the Executioner (level 13, -5/145 HPs)
             Began as a Minotaur Berserker on Feb 7, 2021.
             Was the Champion of Trog.
             Slain by Baeghaub the pandemonium lord (20 damage)
             ... in the Dungeon (Sprint VII: "The Pits").
             The game lasted 00:08:22 (4189 turns).

mhtbhm the Executioner (Minotaur Berserker)         Turns: 4189, Time: 00:08:23

Health: -5/145     AC: 18    Str: 26    XL:     13   Next: 32%
Magic:  12/12      EV: 17    Int:  4    God:    Trog [******]
Gold:   71         SH:  0    Dex: 11    Spells: 12/12 levels left

rFire    + . .     SeeInvis .   a - +6 executioner's axe
rCold    . . .     Faith    .   (shield currently unavailable)
rNeg     . . .     Spirit   .   b - +4 chain mail
rPois    .         Reflect  .   (helmet restricted)
rElec    .         Harm     .   (no cloak)
rCorr    .         Rampage  .   (no gloves)
Will     .....     NoTele   +   (no boots)
Stlth    ..........             (no amulet)
HPRegen  0.34/turn              n - +4 ring of evasion
MPRegen  0.13/turn              u - ring of protection from fire

@: berserk cooldown, slowed, studying Staves, very slow
A: retaliatory headbutt, horns 2
a: Renounce Religion, Berserk, Trog's Hand, Brothers in Arms


You were in the Dungeon.
You worshipped Trog.
Trog was exalted by your worship.
You visited 1 branch You collected 71 gold pieces.

Inventory:

Hand Weapons
 a - a +6 executioner's axe (weapon)
 l - the +8 lajatang "Vielev" {freeze, rN+}
   (You took it off Maurice in the Dungeon)

   It has been specially enchanted to freeze those struck by it, causing extra
   injury to most foes and up to half again as much damage against particularly
   susceptible opponents.
   It can also slow down cold-blooded creatures.
   It protects you from negative energy.
 s - a +5 vorpal broad axe
Missiles
 r - 19 javelins
Armour
 b - a +4 chain mail (worn)
 p - a +0 cloak
 q - a +0 pair of gloves
Jewellery
 n - a +4 ring of evasion (left hand)
 u - a ring of protection from fire (right hand)
 z - an uncursed ring of protection from cold
Wands
 y - a wand of paralysis (3)
Scrolls
 h - 2 scrolls of blinking
 j - 4 scrolls of remove curse
 k - a scroll of summoning
 v - 2 scrolls of fog
 w - 4 scrolls of enchant weapon
 x - a scroll of identify
Potions
 c - 5 potions of curing
 d - 5 potions of heal wounds
 e - 2 potions of haste
 f - 4 potions of magic
 g - 3 potions of berserk rage
 i - 2 potions of invisibility
 m - 4 potions of might
 o - 5 potions of mutation
 t - a potion of flight
 B - 2 potions of resistance
Miscellaneous
 A - a lightning rod (4/4)
 C - a tin of tremorstones (2/2)


   Skills:
 + Level 21.9 Fighting
 + Level 26.0 Axes
 + Level 16.9 Armour
 + Level 10.3 Dodging


You had 12 spell levels left.
You didn't know any spells.
Your spell library was empty.

Dungeon Overview and Level Annotations

Branches:
Dungeon (1/1)

Altars:
Ashenzari
Cheibriados
Dithmenos
Elyvilon
Fedhas
Gozag
Hepliaklqana
Kikubaaqudgha
Makhleb
Nemelex Xobeh
Okawaru
Qazlal
Ru
Sif Muna
Trog
Uskayaw
Vehumet
Wu Jian
Xom
Yredelemnul
Zin
The Shining One
Beogh
Jiyva
Lugonu


Innate Abilities, Weirdness & Mutations

You reflexively headbutt those who attack you in melee.
You have a pair of horns on your head.


Message History

* * * LOW HITPOINT WARNING * * *
You are yanked forward by the harpoon shot.
Unknown command.
Unknown command.
Okay, then.
Press: ? - help, v - describe, . - travel
Here: Baeghaub, armed with a distorting touch (black smoke, severely wounded)
A large open door to the Hallway of Sentries (Extremely Hard).
You barely miss Baeghaub. Your headbutt misses Baeghaub.
Baeghaub is severely wounded.
Baeghaub hits you but does no damage. Space bends around you.
* * * LOW HITPOINT WARNING * * *
Baeghaub hits you!
* * * LOW HITPOINT WARNING * * *
Space bends around you.
* * * LOW HITPOINT WARNING * * *
You feel much better. Baeghaub hits you!
* * * LOW HITPOINT WARNING * * *
Baeghaub hits you!!
You die...

#.# #'# #.# #'#
#.# #'# #)# #&#
################@#
.................#
.................#
+##############).#
#).# #..# #..#
#..# #..#


You could see Baeghaub.

Vanquished Creatures
  A bone dragon (D)
  A quicksilver dragon (D)
  A nagaraja (D)
  An emperor scorpion (D)
  A purple draconian (D)
  A minotaur (D)
  An eidolon (D)
  A green death (D)
  3 great orbs of eyes (D)
  2 boulder beetles (D)
  2 catoblepae (D)
  An anaconda (D)
  A death knight (D)
  Erica (D)
  A sun demon (D)
  A deep elf knight (D)
  A shadow wraith (D)
  An unseen horror (D)
  A deep troll (D)
  A phantasmal warrior (D)
  A spriggan druid (D)
  5 elephants (D)
  2 cyclopes (D)
  A black mamba (shapeshifter) (D)
  A rust devil (D)
  Maurice (D)
  2 gargoyles (D)
  A yaktaur (D)
  A komodo dragon (D)
  4 ice devils (D)
  A hellwing (D)
  A merfolk (D)
  A troll (D)
  3 jumping spiders (D)
  A snapping turtle (D)
  2 redbacks (D)
  A spriggan (D)
  A wyvern (D)
  A spriggan (shapeshifter) (D)
  A wraith (D)
  2 ynoxinuls (D)
  A fire elemental (D)
  A water elemental (D)
  7 vampire mosquitoes (D)
  A water moccasin (D)
  A floating eye (D)
  An ogre (D)
  A black bear (D)
  4 wolves (D)
  2 centaurs (D)
  A big kobold (D)
  2 gnoll sergeants (D)
  A small abomination (D)
  4 wights (D)
  A crimson imp (D)
  2 hounds (D)
  A quasit (D)
  2 jellies (D)
  A gnoll shaman (D)
  2 hell rats (D)
  2 adders (D)
  14 gnolls (D)
  2 ufetubi (D)
  2 oozes (D)
  A leopard gecko (D)
  A bat skeleton (D)
  A hobgoblin (D)
  3 kobolds (D)
  A ball python (D)
  A frilled lizard (D)
  3 rats (D)
125 creatures vanquished.

Vanquished Creatures (collateral kills)
  A vampire knight (D)
  A swamp dragon (D)
  A black mamba (D)
  A wind drake (D)
4 creatures vanquished.

Vanquished Creatures (others)
  A wizard (D)
1 creature vanquished.

Grand Total: 130 creatures vanquished

Notes
Turn   | Place    | Note
-------+----------+-------------------------------------------
     0 | D        | mhtbhm the Minotaur Berserker began the quest for the Orb.
     0 | D        | Reached XP level 1. HP: 19/19 MP: 0/0
    15 | D        | Reached skill level 4 in Axes
    15 | D        | Reached XP level 2. HP: 8/28 MP: 1/1
   232 | D        | Found a bloodstained altar of Trog.
   232 | D        | Found a shimmering blue altar of Sif Muna.
   232 | D        | Found a viscous altar of Jiyva.
   232 | D        | Found a hazy altar of Hepliaklqana.
   232 | D        | Found an opulent altar of Gozag.
   233 | D        | Found a glowing golden altar of the Shining One.
   233 | D        | Found a glowing silver altar of Zin.
   233 | D        | Found a basalt altar of Yredelemnul.
   233 | D        | Found a shimmering altar of Xom.
   233 | D        | Found an ornate altar of the Wu Jian Council.
   233 | D        | Found a sacrificial altar of Ru.
   233 | D        | Found a stormy altar of Qazlal.
   233 | D        | Found an iron altar of Okawaru.
   233 | D        | Found a sparkling altar of Nemelex Xobeh.
   233 | D        | Found a burning altar of Makhleb.
   233 | D        | Found a blossoming altar of Fedhas.
   233 | D        | Found a white marble altar of Elyvilon.
   233 | D        | Found a shadowy altar of Dithmenos.
   233 | D        | Found a snail-covered altar of Cheibriados.
   235 | D        | Found a radiant altar of Vehumet.
   235 | D        | Found a corrupted altar of Lugonu.
   235 | D        | Found a roughly hewn altar of Beogh.
   276 | D        | Reached skill level 5 in Fighting
   277 | D        | Reached ** piety under Trog
   278 | D        | Reached skill level 5 in Axes
   347 | D        | Reached XP level 3. HP: 29/37 MP: 2/2
   416 | D        | Reached *** piety under Trog
   422 | D        | Reached skill level 6 in Axes
   428 | D        | Reached XP level 4. HP: 43/47 MP: 3/3
   489 | D        | Noticed a gnoll sergeant
   490 | D        | Noticed a floating eye
   494 | D        | Reached skill level 7 in Axes
   494 | D        | Paralysed by a floating eye for 2 turns
   495 | D        | Noticed a gnoll sergeant
   497 | D        | Reached **** piety under Trog
   501 | D        | Reached skill level 8 in Axes
   501 | D        | Killed a gnoll sergeant
   502 | D        | Reached skill level 9 in Axes
   502 | D        | Reached skill level 5 in Dodging
   502 | D        | Reached XP level 5. HP: 56/56 MP: 4/4
   503 | D        | Reached ***** piety under Trog
   504 | D        | Paralysed by a floating eye for 3 turns
   508 | D        | Killed a floating eye
   509 | D        | Reached skill level 10 in Fighting
   509 | D        | Reached skill level 10 in Axes
   509 | D        | Reached skill level 5 in Armour
   509 | D        | Reached XP level 6. HP: 58/66 MP: 5/5
   511 | D        | Received a gift from Trog
   515 | D        | Reached skill level 11 in Axes
   650 | D        | Noticed a redback
   656 | D        | Killed a redback
   657 | D        | Reached skill level 12 in Axes
   657 | D        | Reached XP level 7. HP: 43/74 MP: 2/6
   793 | D        | Noticed a cyclops
   799 | D        | Killed a cyclops
   799 | D        | Reached ****** piety under Trog
   800 | D        | Reached skill level 13 in Axes
   800 | D        | Reached XP level 8. HP: 40/83 MP: 2/7
   805 | D        | Killed a shadow wraith
   805 | D        | Received a gift from Trog
   806 | D        | Reached skill level 14 in Axes
  1155 | D        | Found a hide-covered altar of Uskayaw.
  1155 | D        | Found an ancient bone altar of Kikubaaqudgha.
  1155 | D        | Found a broken altar of Ashenzari.
  1182 | D        | Noticed a jumping spider
  1182 | D        | Noticed a snapping turtle
  1189 | D        | Killed a jumping spider
  1190 | D        | Reached skill level 15 in Axes
  1196 | D        | Killed a snapping turtle
  1197 | D        | Reached XP level 9. HP: 93/93 MP: 2/8
  1294 | D        | Noticed a minotaur
  1294 | D        | Noticed a nagaraja
  1298 | D        | Reached skill level 10 in Armour
  1305 | D        | Killed a nagaraja
  1306 | D        | Reached skill level 16 in Axes
  1306 | D        | Killed a minotaur
  1307 | D        | Reached skill level 15 in Fighting
  1307 | D        | Reached skill level 17 in Axes
  1307 | D        | Reached XP level 10. HP: 32/105 MP: 3/9
  1677 | D        | Noticed an elephant
  1677 | D        | Noticed an elephant
  1678 | D        | Noticed an elephant
  1681 | D        | Noticed an elephant
  1682 | D        | Noticed an elephant
  1688 | D        | Killed an elephant
  1688 | D        | Received a gift from Trog
  1689 | D        | Reached skill level 18 in Axes
  1691 | D        | Killed an elephant
  1693 | D        | Killed an elephant
  1695 | D        | Killed an elephant
  1698 | D        | Killed an elephant
  1906 | D        | Noticed a sun demon
  1906 | D        | Noticed a boulder beetle
  1914 | D        | Killed a sun demon
  1915 | D        | Reached skill level 19 in Axes
  1917 | D        | Killed a boulder beetle
  1961 | D        | Noticed a deep elf knight
  1968 | D        | Killed a deep elf knight
  1969 | D        | Reached XP level 11. HP: 116/116 MP: 3/10
  2027 | D        | Noticed a quicksilver dragon
  2038 | D        | Killed a quicksilver dragon
  2038 | D        | Received a gift from Trog
  2039 | D        | Reached skill level 20 in Axes
  2130 | D        | Noticed a green death
  2137 | D        | Killed a green death
  2275 | D        | Received a gift from Trog
  2278 | D        | Reached skill level 21 in Axes
  2354 | D        | Received a gift from Trog
  2358 | D        | Reached skill level 15 in Armour
  2443 | D        | Noticed a deep troll
  2448 | D        | Killed a deep troll
  2605 | D        | Received a gift from Trog
  2611 | D        | Killed an unseen horror
  2623 | D        | Noticed Erica
  2628 | D        | Killed Erica
  2629 | D        | Received a gift from Trog
  2633 | D        | Reached skill level 22 in Axes
  2642 | D        | Reached XP level 12. HP: 93/130 MP: 11/11
  2871 | D        | Noticed a catoblepas
  2874 | D        | Received a gift from Trog
  2880 | D        | Killed a catoblepas
  2880 | D        | Received a gift from Trog
  3143 | D        | Noticed a purple draconian
  3143 | D        | Noticed a great orb of eyes
  3143 | D        | Noticed an anaconda
  3148 | D        | Received a gift from Trog
  3149 | D        | Reached skill level 23 in Axes
  3153 | D        | Killed a purple draconian
  3156 | D        | Killed a great orb of eyes
  3158 | D        | Killed an anaconda
  3165 | D        | Received a gift from Trog
  3237 | D        | Noticed an eidolon
  3238 | D        | Noticed a catoblepas
  3243 | D        | Reached skill level 24 in Axes
  3247 | D        | Noticed a great orb of eyes
  3249 | D        | Killed an eidolon
  3259 | D        | Killed a great orb of eyes
  3263 | D        | Received a gift from Trog
  3265 | D        | Noticed a boulder beetle
  3274 | D        | Noticed a vampire knight
  3276 | D        | Noticed an emperor scorpion
  3277 | D        | Killed a boulder beetle
  3279 | D        | Killed a vampire knight
  3280 | D        | Reached skill level 25 in Axes
  3280 | D        | Reached XP level 13. HP: 31/143 MP: 12/12
  3283 | D        | Reached skill level 10 in Dodging
  3301 | D        | Received a gift from Trog
  3307 | D        | Killed an emperor scorpion
  3458 | D        | Identified the +8 lajatang "Vielev" {freeze, rN+}
  3458 | D        | Noticed Maurice
  3469 | D        | Killed Maurice
  3471 | D        | Paralysed by a great orb of eyes for 5 turns
  3814 | D        | Noticed a bone dragon
  3828 | D        | Killed a bone dragon
  3829 | D        | Reached skill level 26 in Axes
  4165 | D        | Noticed Baeghaub the pandemonium lord
  4179 | D        | HP: 9/217 [Baeghaub the pandemonium lord (22)]
  4188 | D        | HP: 5/145 [Baeghaub the pandemonium lord (13)]
  4189 | D        | Slain by Baeghaub the pandemonium lord

Illustrated notes

Levels and vault maps discovered:
D:        pitsprint [storerooms_1, entrance_room_1, metal_vault_1, armoury_3,
          mini_pit_1, grid_room_1, main_hall_1, silver_pit, the_coven_1,
          the_vestibule_1, steel_vault_5, golden_pit, hallway_of_sentries,
          crystal_vault_2, iron_vault_4, final_vault]

Skill      XL: |  1  2  3  4  5  6  7  8  9 10 11 12 13 |
---------------+----------------------------------------+-----
Fighting       | 4 6 7 8 10 11 12 13 15 16 19 21 | 21.9
Axes           | 4 5 6 9 10 12 13 15 17 19 22 25 26 | 26.0
Armour         | 3 4 5 6 8 9 12 14 15 16 | 16.9
Dodging        | 3 5 6 7 8 9 10 | 10.3

Action                   |  1- 3 |  4- 6 |  7- 9 | 10-12 | 13-15 || total
-------------------------+-------+-------+-------+-------+-------++-------
Melee: Hand axe          |    20 |    15 |       |       |       ||    35
       Headbutt          |     4 |     5 |     8 |    45 |    16 ||    78
       Battleaxe         |       |     7 |    35 |   106 |       ||   148
       Executioner's axe |       |       |       |    76 |    52 ||   128
Invok: Berserk           |       |     1 |     3 |     8 |     3 ||    15
       Brothers in Arms  |       |       |       |     1 |     2 ||     3
  Use: Potion            |       |       |     1 |     4 |     6 ||    11
       Scroll            |       |       |       |       |     1 ||     1
Armor: Animal skin       |     3 |       |       |       |       ||     3
       Chain mail        |       |    26 |    18 |    79 |    16 ||   139
Dodge: Dodged            |    10 |    11 |    15 |   101 |    19 ||   156

Table legend: (Time is in decaauts)
 A = Elapsed time spent in this place.
 B = Non-inter-level travel time spent in this place.
 C = Inter-level travel time spent in this place.
 D = Time resting spent in this place.
 E = Time spent auto-exploring this place.
 F = Levels seen in this place.
 G = Mean time per level.
                   A        B        C        D        E       F      G
               +--------+--------+--------+--------+--------+-----+--------+
         Total |   4220 |   4220 |      0 |   2858 |     80 |   1 | 4220.0 |
       Dungeon |   4220 |   4220 |      0 |   2858 |     80 |   1 | 4220.0 |
               +--------+--------+--------+--------+--------+-----+--------+

Top non-repeatable levels by time:
       D: 4220 daAuts
